 Dungeon Crawl Stone Soup version 0.26.0-16-gc1dbca0489 (webtiles) character file.

Game seed: 10234338399372544663

23934 FreshCat the Severer (level 13, -8/174 HPs)
             Began as a Hill Orc Monk on Jan 20, 2021.
             Was the Champion of Beogh.
             Mangled by a spriggan rider
             ... wielding the cursed +2 trident of the Rat {venom, Str+3}
              (16 damage)
             ... on level 3 of the Lair of Beasts on Jan 21, 2021.
             The game lasted 01:14:48 (16692 turns).

FreshCat the Severer (Hill Orc Monk)               Turns: 16692, Time: 01:14:48

Health: -8/174     AC: 22    Str: 19    XL:     13   Next: 9%
Magic:  24/24      EV: 13    Int:  7    God:    Beogh [******]
Gold:   1043       SH:  0    Dex: 15    Spells: 12/12 levels left

rFire    . . .     SeeInvis +   s - +0 war axe (flame)
rCold    . . .     Faith    .   (no shield)
rNeg     + . .     Spirit   .   o - +6 scale mail "Lang" {Harm +Inv rN+ MP+9}
rPois    +         Reflect  .   n - +1 helmet
rElec    +         Harm     +   W - +0 cloak (curse)
rCorr    .         Rampage  .   D - +1 pair of gloves
Will     +....                  a - +0 pair of boots
Stlth    ..........             y - amulet of regeneration
HPRegen  0.79/turn              O - ring of Pystreocu {rElec Will+ Int-3 Dex+2 SInv}
MPRegen  0.19/turn              F - ring of poison resistance

@: berserking (expiring), lethally poisoned (-8 -> -8), very quick
A: walk on water
a: Renounce Religion, Evoke Invisibility, Smiting, Recall Orcish Followers, Give
Item to Named Follower, Resurrection


You were on level 3 of the Lair of Beasts.
You worshipped Beogh.
Beogh was exalted by your worship.
You visited 2 branches of the dungeon, and saw 18 of its levels.
You also visited: Ossuary.

You collected 1088 gold pieces.
You spent 45 gold pieces at shops.

Inventory:

Hand Weapons
 s - a +0 war axe of flaming (weapon)
 I - a +2 quarterstaff of chaos
 V - a +3 short sword of holy wrath
Missiles
 e - 69 poisoned darts
 j - 601 stones
 p - 6 boomerangs (quivered)
 v - 4 javelins
Armour
 a - a +0 pair of boots (worn)
 c - the +6 ring mail "Tusimir" {Rampage rC++ Str+5}
   (You found it on level 8 of the Dungeon)

   It affects your strength (+5).
   It greatly protects you from cold.
   It bestows one free step when moving towards enemies.
 n - a +1 helmet (worn)
 o - the +6 scale mail "Lang" (worn) {Harm +Inv rN+ MP+9}
   (You found it on level 4 of the Dungeon)

   It protects you from negative energy.
   It affects your magic capacity (+9).
   It lets you turn invisible.
   It increases damage dealt and taken.
 u - +0 swamp dragon scales
 D - a +1 pair of gloves (worn)
 W - a cursed +0 cloak (worn)
Jewellery
 k - an uncursed ring of protection from cold
 y - an amulet of regeneration (around neck)
 F - a ring of poison resistance (right hand)
 M - an uncursed ring of willpower
 O - the ring of Pystreocu (left hand) {rElec Will+ Int-3 Dex+2 SInv}
   (You took it off a centaur on level 8 of the Dungeon)

   [ring of willpower]

   It affects your intelligence (-3).
   It affects your dexterity (+2).
   It insulates you from electricity.
   It affects your willpower, your defense against some magical effects.
   It lets you see invisible.
 Q - an uncursed ring of resist corrosion {unknown}
Wands
 g - a wand of paralysis (15)
 L - a wand of acid (5)
 U - a wand of flame (1)
 X - a wand of iceblast (5)
 Y - a wand of polymorph (15)
Scrolls
 h - 7 scrolls of teleportation
 l - 6 scrolls of blinking
 q - 2 scrolls of fog
 r - 3 scrolls of magic mapping
 t - a scroll of brand weapon
 w - a scroll of vulnerability
 z - a scroll of remove curse
 C - a scroll of immolation
 E - 3 scrolls of amnesia
 G - a scroll of enchant weapon
 P - 2 scrolls of torment
 T - 2 scrolls of fear
Potions
 b - 2 potions of mutation
 d - 4 potions of heal wounds
 f - 3 potions of brilliance
 i - 3 potions of might
 m - 2 potions of flight
 x - 3 potions of curing
 A - 2 potions of invisibility
 B - 2 potions of magic
 H - a potion of lignification
 J - a potion of cancellation
 N - a potion of ambrosia
 S - a potion of berserk rage
 Z - a potion of resistance
Miscellaneous
 K - a phial of floods
 R - a phial of floods


   Skills:
 + Level 11.5 Fighting
 + Level 16.8 Axes
 + Level 6.3 Throwing
 + Level 9.6 Armour
 + Level 6.2 Dodging
 + Level 4.6 Stealth
 + Level 3.7 Invocations
 + Level 0.6 Evocations


You had 12 spell levels left.
You didn't know any spells.
Your spell library contained the following spells:

 Spells                   Type           Power        Failure   Level
 Animate Skeleton         Necr           0%           75%         1
 Apportation              Tloc           0%           75%         1
 Beastly Appendage        Tmut           0%           75%         1
 Corona                   Hex            0%           75%         1
 Magic Dart               Conj           0%           75%         1
 Pain                     Necr           0%           75%         1
 Summon Small Mammal      Summ           0%           75%         1
 Blink                    Tloc           N/A          87%         2
 Call Imp                 Summ           0%           87%         2
 Slow                     Hex            0%           87%         2
 Wereblood                Tmut           0%           87%         2
 Conjure Flame            Conj/Fire      0%           98%         3
 Inner Flame              Hex/Fire       0%           98%         3
 Mephitic Cloud           Conj/Pois/Air  0%           98%         3
 Portal Projectile        Hex/Tloc       0%           98%         3
 Spider Form              Tmut/Pois      0%           98%         3
 Vampiric Draining        Necr           0%           98%         3
 Animate Dead             Necr           0%           100%        4
 Cause Fear               Hex            0%           100%        4
 Ice Form                 Ice/Tmut       0%           100%        4
 Leda's Liquefaction      Hex/Erth       0%           100%        4
 Agony                    Necr           0%           100%        5
 Blade Hands              Tmut           0%           100%        5
 Irradiate                Conj/Tmut      0%           100%        5
 Hydra Form               Tmut           0%           100%        6
 Statue Form              Tmut/Erth      0%           100%        6
 Dragon Form              Tmut           0%           100%        7


Dungeon Overview and Level Annotations

Branches:
Dungeon (14/15)            Temple (0/1) D:5            Lair (4/6) D:11
 Shoals (0/4) Lair:2          Orc (0/2) D:9         Ossuary (visited)
  Snake: Lair:2-4    Spider: Lair:2-4    Vaults: D:13-14

Altars:
Cheibriados
Nemelex Xobeh
Okawaru
Wu Jian
Yredelemnul

Shops:
D:4 (   D:5 =

Annotations:
D:5 2 transporters
D:10 1 runed translucent door, Gauvater's ghost, journeyman FoFi
Lair:1 Nergalle


Message History

The spriggan rider completely misses you.
You slash Befuwnopp's ghost! You burn Befuwnopp's ghost.
Befuwnopp's ghost is almost destroyed.
Befuwnopp's ghost hits you!
* * * LOW HITPOINT WARNING * * *
You slash Befuwnopp's ghost! You burn Befuwnopp's ghost.
You destroy Befuwnopp's ghost!
Beogh accepts your kill.
Your orc knight looks more experienced.
Warrok looks more experienced.
Bogdar no longer looks unusually strong.
The spriggan rider hits you from afar with the cursed +2 trident of the Rat {venom, Str+3}.
* * * LOW HITPOINT WARNING * * *
Warrok roars a battlecry!
Bogdar goes into a battle-frenzy!
You feel sick.
You see here a +0 trident.
You barely miss the spriggan rider.
Warrok no longer looks unusually strong.
The spriggan rider hits you with the cursed +2 trident of the Rat {venom, Str+3}!
You die...

........................###.###
.................##...........#
#...............#..#..........#
.#...........................P#
.>............................#
....#.......................### #
...##..>..♣♣#8.oo8#♣♣......## #
...#......♣[♣##o##♣[♣......######
..........♣.♣.♣♣@.!.♣......#.##..
......#..#♣♣..W♣i.♣♣♣..P......#..
.....##...♣♣...!h♣♣ ♣..#####...o#
..........♣♣....♣. ♣♣...####...##
...........♣♣♣..$.♣♣.....##....#
..#P........♣♣♣♣ ♣♣......###...#
...............##♣♣..#........##
..##..................###......##
......................###.......#


You could see a spriggan rider, a black bear, a friendly orc knight (strong),
the friendly Bogdar the orc knight (strong) and the friendly Warrok the orc
knight.

Vanquished Creatures
  Gastronok (D:9)
  The ghost of Befuwnopp the Grappler, a journeyman TrHu of Cheibriados (Lair:3)
  Josephine (D:12)
  A hydra (D:11)
  An unseen horror (D:8)
  Pikel (D:4)
  A deep elf mage (D:12)
  Maurice (D:9)
  2 merfolk sirens (Lair:2)
  A centaur zombie (D:12)
  3 cane toads
  A rime drake (Lair:3)
  A merfolk (Lair:2)
  2 trolls
  Prince Ribbit (D:8)
  2 slime creatures (D:12)
  A spriggan (Lair:3)
  2 shadows (D:9)
  Sigmund (D:2)
  A wraith (D:12)
  11 yaks
  A basilisk (Lair:2)
  2 water moccasins
  Duvessa (D:4)
  3 ice beasts
  2 orc warriors
  4 black bears
  A sky beast (D:8)
  A necrophage (D:8)
  6 ogres
  5 centaurs
  2 wolves
  A phantom (D:13)
  3 big kobolds
  7 bullfrogs
  Dowan (D:4)
  A wyvern skeleton (D:6)
  3 scorpions
  A water moccasin zombie (Ossuary)
  18 killer bees
  A wight (D:9)
  4 howler monkeys
  4 jellies
  Crazy Yiuf (D:4)
  4 bullfrog zombies
  An orc priest (D:9)
  3 bullfrog skeletons
  7 hounds
  5 centaur skeletons
  3 iguanas
  5 worker ants
  Natasha (D:2)
  5 orc wizards
  2 killer bee zombies
  2 ogre zombies (D:9)
  3 big kobold zombies (Ossuary)
  2 mummies (Ossuary)
  Robin (D:3)
  2 worker ant zombies
  A howler monkey skeleton (D:6)
  11 adders
  2 gnolls (D:8)
  2 shadow imps
  3 white imps
  An ufetubus (D:9)
  4 oozes
  6 adder zombies (Ossuary)
  An adder skeleton (D:7)
  6 worms
  A dart slug (D:2)
  3 leopard geckos
  12 orcs
  2 ball pythons
  3 giant cockroaches
  13 goblins
  10 hobgoblins
  16 jackals
  25 kobolds
  3 quokkas
  5 bats
  6 frilled lizards
  10 gnoll zombies (Ossuary)
  2 goblin zombies (D:9)
  A hobgoblin skeleton (D:9)
  4 hobgoblin zombies
  6 kobold zombies (Ossuary)
  2 orc skeletons (D:9)
  10 orc zombies
  A quokka skeleton (D:6)
  4 quokka zombies
  11 rats
343 creatures vanquished.

Vanquished Creatures (collateral kills)
  3 hydras (Lair:3)
  A two-headed ogre (D:10)
  2 ugly things (D:11)
  A cane toad (Lair:2)
  2 komodo dragons
  A rime drake (Lair:3)
  A kobold demonologist (D:11)
  2 trolls
  A merfolk (Lair:2)
  Grinder (D:5)
  4 blink frogs (Lair:2)
  2 slime creatures (D:12)
  Eustachio (D:5)
  20 yaks
  3 wraiths
  3 water moccasins
  An ice beast (D:12)
  A black bear (D:12)
  An orc warrior (D:11)
  A sky beast (D:10)
  An ogre (D:12)
  A phantom (D:9)
  6 wolves
  2 big kobolds (D:12)
  Blork the orc (D:4)
  6 bullfrogs
  A gnoll sergeant (D:8)
  3 scorpions
  2 troll zombies (D:9)
  3 killer bees (D:9)
  2 wights (D:9)
  A hound (D:10)
  A jelly (D:10)
  A bullfrog skeleton (D:10)
  An orc wizard (D:6)
  A centaur skeleton (D:12)
  An iguana (D:11)
  2 worker ants (D:9)
  A killer bee zombie (D:10)
  2 ogre zombies (D:9)
  2 gnolls (D:8)
  2 adders
  A white imp (D:10)
  2 adder zombies
  4 orcs
  A giant cockroach (D:8)
  A jackal (D:11)
  A quokka (D:5)
  2 goblin zombies (D:9)
  A hobgoblin zombie (D:9)
  2 kobolds (D:10)
  An orc skeleton (D:9)
  2 orc zombies (D:9)
113 creatures vanquished.

Vanquished Creatures (others)
  3 orc warriors (D:9)
  9 orc priests
  4 orc wizards
  12 orcs
  10 fungi
  21 plants
59 creatures vanquished.

Grand Total: 515 creatures vanquished

Notes
Turn   | Place    | Note
-------+----------+-------------------------------------------
     0 | D:1      | FreshCat the Hill Orc Monk began the quest for the Orb.
     0 | D:1      | Reached XP level 1. HP: 19/19 MP: 1/1
    69 | D:1      | Reached XP level 2. HP: 21/27 MP: 2/2
   284 | D:2      | Noticed Natasha
   477 | D:1      | Reached XP level 3. HP: 26/33 MP: 3/3
   948 | D:2      | Reached skill level 5 in Axes
  1112 | D:2      | Noticed Sigmund
  1310 | D:2      | Reached XP level 4. HP: 22/41 MP: 4/4
  2513 | D:2      | Killed Natasha
  2514 | D:2      | Reached XP level 5. HP: 30/47 MP: 5/5
  3161 | D:3      | Reached skill level 1 in Throwing
  3723 | D:3      | Found an iron altar of Okawaru.
  3823 | D:3      | Noticed Robin
  3839 | D:3      | Reached skill level 6 in Axes
  3885 | D:3      | Killed Robin
  4127 | D:3      | Reached XP level 6. HP: 51/53 MP: 6/6
  4239 | D:5      | Entered Level 5 of the Dungeon
  4239 | D:5      | Noticed Eustachio
  4249 | D:4      | Got a distressingly furry scale mail
  4250 | D:4      | Identified the +6 scale mail "Lang" {Harm +Inv rN+ MP+9}
                  | (You found it on level 4 of the Dungeon)
  4537 | D:4      | Became a worshipper of Beogh the Brigand
  4537 | D:4      | Reached * piety under Beogh
  4537 | D:4      | Reached ** piety under Beogh
  4805 | D:4      | Reached skill level 5 in Fighting
  4843 | D:4      | Found a runed translucent door.
  4844 | D:4      | Noticed Crazy Yiuf
  4916 | D:5      | Noticed a black bear
  4916 | D:5      | Noticed an ice beast
  4961 | D:4      | Found Ytteffyx's Weapon Shop.
  4967 | D:4      | Bought a +0 war axe for 45 gold pieces
  5022 | D:4      | Noticed Blork the orc
  5027 | D:4      | Found an ornate altar of the Wu Jian Council.
  5258 | D:6      | Reached skill level 7 in Axes
  5258 | D:6      | Reached XP level 7. HP: 60/61 MP: 7/7
  5347 | D:6      | Reached skill level 1 in Armour
  5513 | D:6      | Found a sand-covered staircase.
  5521 | Ossuary  | Entered an ossuary
  5798 | Ossuary  | Reached *** piety under Beogh
  5941 | D:6      | Reached skill level 8 in Axes
  6066 | D:6      | Reached XP level 8. HP: 56/70 MP: 8/8
  6300 | D:6      | Found an iron altar of Okawaru.
  6599 | D:6      | Reached skill level 9 in Axes
  7129 | D:5      | Found a transporter.
  7176 | D:5      | Found a staircase to the Ecumenical Temple.
  7181 | D:5      | Found a transporter.
  7261 | D:5      | Noticed Grinder
  7445 | D:7      | Reached skill level 10 in Axes
  7508 | D:7      | Noticed a two-headed ogre
  7564 | D:7      | Reached XP level 9. HP: 58/78 MP: 9/9
  7571 | D:7      | Reached **** piety under Beogh
  7831 | D:7      | Found a snail-covered altar of Cheibriados.
  8370 | D:2      | Killed Sigmund
  8371 | D:2      | Reached skill level 11 in Axes
  8594 | D:5      | Noticed Pikel
  8618 | D:4      | Killed Pikel
  8717 | D:4      | Killed Blork the orc
  8748 | D:4      | Noticed Duvessa
  8748 | D:4      | Noticed Dowan
  8769 | D:4      | Killed Duvessa
  8777 | D:4      | Killed Dowan
  8962 | D:4      | Killed Crazy Yiuf
  9166 | D:5      | Reached skill level 12 in Axes
  9178 | D:5      | Found Vuohatypsom's Jewellery Shoppe.
  9304 | D:5      | Identified the +5 ring mail of Jovim {*Drain Str+5 SInv}
  9330 | D:5      | Killed Grinder
  9331 | D:5      | Reached skill level 5 in Throwing
  9408 | D:5      | Killed Eustachio
  9409 | D:5      | Reached XP level 10. HP: 85/88 MP: 10/10
  9725 | D:8      | Got a distressingly furry ring mail
  9981 | D:8      | Reached ***** piety under Beogh
 10124 | D:8      | Noticed Prince Ribbit
 10134 | D:8      | Killed Prince Ribbit
 10175 | D:8      | Reached skill level 5 in Armour
 10273 | D:8      | Killed an unseen horror
 10274 | D:8      | Reached skill level 13 in Axes
 10306 | D:8      | Identified the ring of Pystreocu {rElec Will+ Int-3 Dex+2
                  | SInv}
 10370 | D:8      | Got an ancient platinum ring
 10374 | D:8      | Got a scintillating steel amulet
 10378 | D:8      | Identified the ring of the Final Chapter {*Tele rC+ Dex+9}
 10594 | D:8      | Got a polished halberd
 10599 | D:8      | Found a sparkling altar of Nemelex Xobeh.
 10980 | D:9      | Reached skill level 5 in Dodging
 11026 | D:9      | Noticed Gastronok
 11043 | D:9      | Killed Gastronok
 11044 | D:9      | Reached skill level 14 in Axes
 11044 | D:9      | Reached XP level 11. HP: 47/97 MP: 11/11
 11055 | D:9      | Gained Bogdar as an ally
 11069 | D:9      | Identified the cursed +1 halberd of Extinguishment {pain,
                  | Will+ Dex+8} (You found it on level 8 of the Dungeon)
 11075 | D:9      | Found a staircase to the Orcish Mines.
 11321 | D:9      | Noticed Maurice
 11335 | D:9      | Killed Maurice
 11467 | D:10     | Entered Level 10 of the Dungeon
 11607 | D:9      | Gained Warrok as an ally
 11973 | D:9      | Reached ****** piety under Beogh
 12102 | D:9      | Identified the ring of Neurosis {Dex+4 SInv} (You found it
                  | on level 8 of the Dungeon)
 12277 | D:10     | Found a runed translucent door.
 12278 | D:10     | Noticed Gauvater's ghost (journeyman FoFi)
 12278 | D:10     | Identified the +8 trident of the Glowing King {venom,
                  | rElec}
 12639 | D:10     | Noticed a two-headed ogre
 12648 | D:10     | Killed a two-headed ogre
 12649 | D:10     | Reached skill level 15 in Axes
 12649 | D:10     | Reached skill level 1 in Invocations
 12913 | D:10     | Identified the amulet "Kyffuafy" {RegenMP Dex+3} (You found
                  | it on level 8 of the Dungeon)
 13094 | D:11     | Noticed a purple ugly thing
 13102 | D:11     | Killed a purple ugly thing
 13166 | D:11     | Found a staircase to the Lair.
 13288 | D:12     | Reached skill level 10 in Fighting
 13496 | D:11     | Noticed a green ugly thing
 13510 | D:11     | Killed a green ugly thing
 13730 | D:11     | Noticed a seven-headed hydra
 13734 | D:11     | Killed a seven-headed hydra
 13735 | D:11     | Reached XP level 12. HP: 106/106 MP: 13/13
 13894 | D:12     | Gained Ognian as an ally
 13897 | D:12     | Noticed Josephine
 13906 | D:12     | Your ally Ognian died
 13908 | D:12     | Killed Josephine
 14514 | D:13     | Noticed a centaur warrior
 14646 | Lair:1   | Entered Level 1 of the Lair of Beasts
 14758 | Lair:1   | Reached skill level 16 in Axes
 14927 | Lair:1   | Noticed Nergalle
 15149 | Lair:2   | Found a staircase to the Shoals.
 15950 | Lair:3   | Identified the +6 ring mail "Tusimir" {Rampage rC++ Str+5}
                  | (You found it on level 8 of the Dungeon)
 16167 | Lair:3   | Got a bloodstained chain mail
 16168 | Lair:3   | Identified the cursed +0 chain mail "Liz Atia" {*Drain
                  | rCorr Dex+3 Stlth+} (You found it on level 3 of the Lair of
                  | Beasts)
 16176 | Lair:3   | Found a basalt altar of Yredelemnul.
 16336 | Lair:3   | Found a runed translucent door.
 16337 | Lair:3   | Identified the cursed +2 trident of the Rat {venom, Str+3}
 16339 | Lair:3   | Noticed Befuwnopp's ghost (journeyman TrHu)
 16394 | Lair:3   | Noticed a four-headed hydra
 16398 | Lair:3   | Noticed a five-headed hydra
 16399 | Lair:3   | Killed a four-headed hydra
 16404 | Lair:3   | Your ally Ognian died
 16405 | Lair:3   | Killed a five-headed hydra
 16406 | Lair:3   | Reached XP level 13. HP: 116/116 MP: 15/15
 16690 | Lair:3   | Killed Befuwnopp's ghost
 16690 | Lair:3   | HP: 8/174 [spriggan rider/the cursed +2 trident of the Rat
                  | {venom, Str+3} (4)]
 16692 | Lair:3   | Mangled by a spriggan rider

Illustrated notes

Levels and vault maps discovered:
D:1:      scummos_arrival_checkerplants, layout_rooms
D:2:      layout_loops_corners, uniq_sigmund, uniq_natasha
D:3:      layout_loops_cross, okawaru_altar_gauntlet_db, uniq_robin
D:4:      layout_loops_cross, lemuel_round_altar, serial_shops,
          nicolae_shop_stone, uniq_crazy_yiuf_cottage, uniq_blork_the_orc,
          uniq_duvessa
D:5:      layout_basic, minmay_temple_entry_statues_pillars, serial_shops, shop,
          gammafunk_ghost_gnarly_gnolls, uniq_eustachio, uniq_pikel,
          uniq_grinder
D:6:      layout_basic, general_overflow_altar, enter_ossuary_4,
          minmay_misc_feat_alley
D:7:      layout_loops_ring, cheibriados_altar_1
D:8:      minmay_the_grid_triangle_9x9_rhombus_full
          [minmay_the_grid_triangle_9x9_limited_checkers,
          minmay_the_grid_triangle_9x9_longest,
          minmay_the_grid_triangle_9x9_sprig,
          minmay_the_grid_triangle_9x9_alien,
          minmay_the_grid_triangle_9x9_sparse_checkered,
          minmay_the_grid_triangle_9x9_zippers_vertical,
          minmay_the_grid_triangle_9x9_checkered,
          minmay_the_grid_triangle_9x9_prize_special], layout_basic,
          lemuel_round_altar, uniq_prince_ribbit1
D:9:      layout_loops_ring, zombieorc1_lemuel, uniq_gastronok, uniq_maurice
D:10:     layout_irregular_city, ebering_ghost_funeral_grove
D:11:     layout_gridville, lair_entry_dummy
D:12:     layout_cave_pools, uniq_josephine
D:13:     layout_roguey [special_room_orc], hangedman_decor_peaks_small,
          grunt_decor_arrowhead, uniq_kirke
D:14:     minmay_outward_triangles, layout_rooms, david_vaults_5, fountainhead,
          ice2_lemuel
Lair:1:   layout_chaotic_city, uniq_nergalle, uniq_erica
Lair:2:   layout_gridlike, elwin_shoals_entry_stream, lemuel_fruit_tree
Lair:3:   layout_cave_shapes, ebering_ghost_funeral_grove, basic_altar
Lair:4:   layout_cave_pods, nicolae_spider_entry_non_spiders, basic_altar,
          tgw_fedhas, serial_bayou_shore_b

Skill      XL: |  1  2  3  4  5  6  7  8  9 10 11 12 |
---------------+-------------------------------------+-----
Fighting       | 4 5 6 7 9 10 11 | 11.5
Axes           | 5 6 7 8 10 12 14 15 16 | 16.8
Dodging        | 3 4 5 6 |  6.2
Throwing       | 1 3 5 6 |  6.3
Stealth        | 2 3 4 |  4.6
Armour         | 1 3 4 6 7 9 |  9.6
Invocations    | 2 3 |  3.7
Evocations     | |  0.6

Action                   |  1- 3 |  4- 6 |  7- 9 | 10-12 | 13-15 || total
-------------------------+-------+-------+-------+-------+-------++-------
Melee: Hand axe          |   101 |   208 |       |       |       ||   309
       War axe           |       |    16 |   355 |   638 |    21 ||  1030
Throw: Boomerang         |    15 |    11 |    24 |    10 |     1 ||    61
       Dart              |       |    70 |    29 |    13 |       ||   112
       Stone             |       |     9 |       |       |       ||     9
       Javelin           |       |     3 |     7 |       |       ||    10
Invok: Convert to Beogh  |       |     1 |       |       |       ||     1
       Recall Orcish Fol |       |       |     1 |    14 |       ||    15
       Smiting           |       |       |       |     1 |       ||     1
       Stop Recall       |       |       |       |     5 |       ||     5
       Give Item to Name |       |       |       |     3 |       ||     3
       Resurrection      |       |       |       |     1 |       ||     1
Evoke: Wand              |       |       |     1 |     5 |       ||     6
  Use: Scroll            |     4 |     6 |    10 |    13 |     1 ||    34
       Potion            |       |     4 |       |     4 |     1 ||     9
 Stab: Sleeping          |     2 |       |       |     1 |       ||     3
       Distracted        |       |       |       |     8 |       ||     8
Armor: Robe              |    14 |    16 |       |       |       ||    30
       Scale mail        |       |    32 |   180 |   305 |    18 ||   535
Dodge: Dodged            |    61 |   149 |   166 |   344 |    15 ||   735
